R+
CASPER GHOSTS @ BILLINGS MUSTANGS
08/20/2006
 
TOP OF THE 1ST
Lakewood BlueClaws batting - Pitching for Asheville Tourists : RHP Juan Morales
Pitching: RHP Juan Morales
Batting: RHB Eric Lanson 0-0: Ball
1-0: Foul Ball, location: 2F
1-1: DOUBLE (Line Drive, 9LS)
Batting: RHB Luis Acevedo 0-0: Called Strike
0-1: Foul Ball, location: 2F
0-2: 2-RUN HOME RUN (Line Drive, 7D), Distance : 363 ft
Batting: RHB Eric Rynders 0-0: Called Strike
0-1: Foul Ball, location: 2F
0-2: Fly out, F8 (Flyball, 89M)
Batting: LHB Luis Esquivel 0-0: Ball
1-0: Fly out, F9 (Flyball, 9D)
Batting: RHB Arturo Ramos 0-0: Ball
1-0: Ball
2-0: Foul Ball, location: 2F
2-1: Ball
3-1: Base on Balls
Batting: LHB Juan Medina 0-0: Ball
1-0: Called Strike
1-1: Ball
2-1: Ball
3-1: Fly out, F7 (Flyball, 7D)
Top of the 1st over - 2 runs, 2 hits, 0 errors, 1 left on base; Lakewood 2 - Asheville 0
BOTTOM OF THE 1ST
Asheville Tourists batting - Pitching for Lakewood BlueClaws : RHP Sergio Valenzuela
Pitching: RHP Sergio Valenzuela
Batting: RHB Dan Reinert 0-0: Swinging Strike
0-1: Called Strike
0-2: Ball
1-2: Foul Ball, location: 2F
1-2: Ball
2-2: Ball
3-2: Strikes out swinging
Batting: RHB Maddox Brosseau 0-0: Ball
1-0: Ball
2-0: Swinging Strike
2-1: Fly out, F8 (Flyball, 8LD)
Batting: LHB Chris Levine 0-0: SINGLE (Groundball, 34S) (infield hit)
Batting: RHB Chris Faude 0-0: Ball
1-0: Swinging Strike
1-1: Ball
2-1: SINGLE (Line Drive, 6M)
Chris Levine to second
Batting: RHB Jerry Frint 0-0: Ball
1-0: Ball
2-0: Ball
3-0: Called Strike
3-1: SINGLE (Line Drive, 5D)
Chris Levine to third
Chris Faude to second
Runner from 3rd tries for Home, SAFE, throw by LF to home
Batting: LHB Ken Fraijo 0-0: Ball
1-0: Ball
2-0: Ball
3-0: Base on Balls
Chris Faude to third
Jerry Frint to second
Batting: RHB Dan Tillman 0-0: Called Strike
0-1: Ball
1-1: Ball
2-1: Foul Ball, location: 2F
2-2: Ground out 4-3 (Groundball, 4)
Bottom of the 1st over - 1 run, 3 hits, 0 errors, 3 left on base; Lakewood 2 - Asheville 1
TOP OF THE 2ND
Lakewood BlueClaws batting - Pitching for Asheville Tourists : RHP Juan Morales
Batting: RHB Jorge Leyva 0-0: Ball
1-0: Ball
2-0: Ball
3-0: Base on Balls
Batting: RHB Luis Calvo 0-0: Called Strike
0-1: Ball
1-1: Ball
2-1: Swinging Strike
2-2: Foul Ball, location: 2F
2-2: Fly out, F8 (Flyball, 8RXD)
Batting: RHB Sergio Valenzuela 0-0: Bunted foul
0-1: Sac Bunt to 3S - play at first, batter OUT! U3
Jorge Leyva to second
Batting: RHB Eric Lanson 0-0: Called Strike
0-1: Ground out 6-3 (Groundball, 56)
Top of the 2nd over - 0 runs, 0 hits, 0 errors, 1 left on base; Lakewood 2 - Asheville 1
BOTTOM OF THE 2ND
Asheville Tourists batting - Pitching for Lakewood BlueClaws : RHP Sergio Valenzuela
Batting: RHB Luis Gosset 0-0: Called Strike
0-1: Swinging Strike
0-2: Ball
1-2: Strikes out swinging, 2-3 out at first.
Batting: SHB Juan Morales 0-0: Called Strike
0-1: Called Strike
0-2: Foul Ball, location: 2F
0-2: Strikes out swinging
Batting: RHB Dan Reinert 0-0: Called Strike
0-1: Ground out 6-3 (Groundball, 56)
Bottom of the 2nd over - 0 runs, 0 hits, 0 errors, 0 left on base; Lakewood 2 - Asheville 1
TOP OF THE 3RD
Lakewood BlueClaws batting - Pitching for Asheville Tourists : RHP Juan Morales
Batting: RHB Luis Acevedo 0-0: Ball
1-0: SINGLE (Line Drive, 78M)
Batting: RHB Eric Rynders 0-0: Ball
Luis Acevedo steals 2nd base
1-0: SINGLE (Groundball, 6MD)
Luis Acevedo to third
Runner from 3rd tries for Home, SAFE, no throw by CF
Batting: LHB Luis Esquivel 0-0: Ball
1-0: Ball
2-0: Ball
3-0: Called Strike
3-1: Base on Balls
Eric Rynders to second
Batting: RHB Arturo Ramos 0-0: Ball
1-0: Foul Ball, location: 2F
1-1: Ball
2-1: Ball
3-1: Fielders Choice at 2nd, 6-4 (Groundball, 6M)
Eric Rynders to third
Batting: LHB Juan Medina 0-0: Swinging Strike
0-1: Ball
1-1: 3-RUN HOME RUN (Flyball, 9D), Distance : 350 ft
Batting: RHB Jorge Leyva 0-0: Fly out, F6 (Line Drive, 6)
Batting: RHB Luis Calvo 0-0: Foul Ball, location: 2F
0-1: Foul Ball, location: 2F
0-2: Foul Ball, location: 2F
0-2: Ball
1-2: Foul Ball, location: 2F
1-2: Strikes out looking
Top of the 3rd over - 4 runs, 3 hits, 0 errors, 0 left on base; Lakewood 6 - Asheville 1
BOTTOM OF THE 3RD
Asheville Tourists batting - Pitching for Lakewood BlueClaws : RHP Sergio Valenzuela
Batting: RHB Maddox Brosseau 0-0: SINGLE (Flyball, 3D)
Batting: LHB Chris Levine 0-0: Called Strike
0-1: Ball
1-1: Ball
2-1: Swinging Strike
2-2: Foul Ball, location: 2F
2-2: Fly out, F3 (Popup, 3SF)
Batting: RHB Chris Faude 0-0: Ball
1-0: Ball
2-0: Swinging Strike
2-1: Foul Ball, location: 2F
2-2: Strikes out swinging
Batting: RHB Jerry Frint 0-0: Ball
1-0: Ball
2-0: Ball
Wild Pitch!
Maddox Brosseau to second
3-0: Base on Balls
Batting: LHB Ken Fraijo 0-0: Ball
1-0: Foul Ball, location: 2F
1-1: Ground out 4-3 (Groundball, 34)
Bottom of the 3rd over - 0 runs, 1 hit, 0 errors, 2 left on base; Lakewood 6 - Asheville 1
TOP OF THE 4TH
Lakewood BlueClaws batting - Pitching for Asheville Tourists : RHP Juan Morales
Batting: RHB Sergio Valenzuela 0-0: Ground out 1-3 (Groundball, 15S)
Batting: RHB Eric Lanson 0-0: Foul Ball, location: 2F
0-1: Swinging Strike
0-2: Ball
1-2: Fly out, F8 (Flyball, 8LM)
Batting: RHB Luis Acevedo 0-0: Ball
1-0: Fly out, F7 (Flyball, 78S)
Top of the 4th over - 0 runs, 0 hits, 0 errors, 0 left on base; Lakewood 6 - Asheville 1
BOTTOM OF THE 4TH
Asheville Tourists batting - Pitching for Lakewood BlueClaws : RHP Sergio Valenzuela
Batting: RHB Dan Tillman 0-0: Ball
1-0: Ball
2-0: Ball
3-0: Called Strike
3-1: Called Strike
3-2: Foul Ball, location: 2F
3-2: SINGLE (Groundball, 6MD)
Batting: RHB Luis Gosset 0-0: Swinging Strike
0-1: Swinging Strike
0-2: Ball
1-2: Strikes out swinging
Batting: SHB Juan Morales 0-0: Bunted foul
0-1: Bunt missed!
0-2: Bunt - Flyout to 23! F3
Batting: RHB Dan Reinert 0-0: Ball
1-0: Ball
2-0: Called Strike
2-1: Swinging Strike
2-2: Strikes out swinging
Bottom of the 4th over - 0 runs, 1 hit, 0 errors, 1 left on base; Lakewood 6 - Asheville 1
TOP OF THE 5TH
Lakewood BlueClaws batting - Pitching for Asheville Tourists : RHP Juan Morales
Batting: RHB Eric Rynders 0-0: SINGLE (Groundball, 6MD)
Batting: LHB Luis Esquivel 0-0: Called Strike
0-1: SINGLE (Groundball, 34D)
Eric Rynders to second
Runner from 2nd tries for 3rd, SAFE, throw by RF made to third
Batting: RHB Arturo Ramos 0-0: Ball
1-0: Called Strike
1-1: Fielders Choice at 2nd, 1-6 (Groundball, 13)
Batting: LHB Juan Medina 0-0: Called Strike
0-1: Called Strike
0-2: Foul Ball, location: 2F
0-2: Fly out, F5 (Popup, 25)
Batting: RHB Jorge Leyva 0-0: Ball
1-0: Ball
2-0: Ball
3-0: Called Strike
3-1: DOUBLE (Line Drive, 7LM)
Eric Rynders scores
Arturo Ramos to third
Pitching: LHP Mike Burow
Batting: RHB Luis Calvo 0-0: SINGLE (Flyball, 78S)
Arturo Ramos scores
Jorge Leyva to third
Runner from 3rd tries for Home, SAFE, no throw by LF
Batting: RHB Sergio Valenzuela 0-0: SINGLE (Flyball, 9S)
Luis Calvo to second
Runner from 2nd tries for 3rd, SAFE, throw by RF made to third
Batting: RHB Eric Lanson 0-0: 3-RUN HOME RUN (Flyball, 78XD), Distance : 401 ft
Batting: RHB Luis Acevedo 0-0: Fly out, F8 (Flyball, 8LS)
Top of the 5th over - 6 runs, 6 hits, 0 errors, 0 left on base; Lakewood 12 - Asheville 1
BOTTOM OF THE 5TH
Asheville Tourists batting - Pitching for Lakewood BlueClaws : RHP Sergio Valenzuela
Batting: RHB Maddox Brosseau 0-0: Ball
1-0: SINGLE (Groundball, 6D)
Batting: LHB Chris Levine 0-0: SINGLE (Line Drive, 89S)
Maddox Brosseau to second
Runner from 2nd tries for 3rd, SAFE, throw by RF made to third
Batting: RHB Chris Faude 0-0: Ball
1-0: Foul Ball, location: 2F
1-1: Ball
2-1: Ball
3-1: Base on Balls
Chris Levine to second
Pitching: RHP Mike Shields
Batting: RHB Jerry Frint 0-0: Fly out, F7 (Line Drive, 7)
Runner from 3rd tags up, OUT at HOME! 7-2
Chris Levine to third
Chris Faude to second
Batting: LHB Ken Fraijo 0-0: Ball
1-0: Ball
2-0: Foul Ball, location: 2F
2-1: Foul Ball, location: 2F
2-2: Foul Ball, location: 2F
2-2: Ball
3-2: Base on Balls
Batting: RHB Dan Tillman 0-0: Swinging Strike
0-1: Called Strike
0-2: SINGLE (Groundball, 5L)
Chris Levine scores
Chris Faude to third
Ken Fraijo to second
Runner from 3rd tries for Home, SAFE, no throw by LF
Batting: RHB Luis Gosset 0-0: Ball
1-0: Ball
2-0: Ball
3-0: Called Strike
3-1: Called Strike
3-2: Base on Balls
Ken Fraijo to third
Dan Tillman to second
Pinch Hitting: RHB Kurt Underhill 0-0: Swinging Strike
0-1: Foul Ball, location: 2F
0-2: Ball
1-2: Strikes out swinging
Bottom of the 5th over - 2 runs, 3 hits, 0 errors, 3 left on base; Lakewood 12 - Asheville 3
TOP OF THE 6TH
Lakewood BlueClaws batting - Pitching for Asheville Tourists : LHP Mike Burow
Pitching: RHP Juan Burbano
Pinch Hitting: LHB Rogelio Madrid 0-0: Ball
1-0: Ball
2-0: Called Strike
2-1: Ball
3-1: Foul Ball, location: 2F
3-2: Reached on error, E4 (Popup, 34S)
Batting: LHB Luis Esquivel 0-0: Ball
1-0: Ball
2-0: Ball
3-0: Base on Balls
Rogelio Madrid to second
Batting: RHB Arturo Ramos 0-0: Called Strike
0-1: Ball
1-1: Foul Ball, location: 2F
1-2: Reached on error, E5 (Groundball, 56)
Rogelio Madrid to third
Luis Esquivel to second
Batting: LHB Juan Medina 0-0: Called Strike
0-1: Foul Ball, location: 2F
0-2: Foul Ball, location: 2F
0-2: Fielders Choice at 2nd, 4-6 (Groundball, 4M)
Rogelio Madrid scores
Luis Esquivel to third
Batting: RHB Jorge Leyva 0-0: Called Strike
0-1: Ball
1-1: Ball
2-1: Foul Ball, location: 2F
2-2: Foul Ball, location: 2F
2-2: Foul Ball, location: 2F
2-2: Ball
3-2: Base on Balls
Juan Medina to second
Batting: RHB Luis Calvo 0-0: Ball
1-0: Foul Ball, location: 2F
1-1: Called Strike
1-2: Foul Ball, location: 2F
1-2: Fly out, F7 (Flyball, 7S)
Pinch Hitting: LHB Yoshinori Shimizu 0-0: DOUBLE (Line Drive, 9LD)
Luis Esquivel scores
Juan Medina scores
Jorge Leyva to third
Batting: RHB Eric Lanson 0-0: Foul Ball, location: 2F
0-1: Ball
1-1: Ball
2-1: Ball
3-1: Foul Ball, location: 2F
3-2: Foul Ball, location: 2F
3-2: Foul Ball, location: 2F
3-2: Base on Balls
Pitching: RHP Luis Salinas
Batting: RHB Luis Acevedo 0-0: Foul Ball, location: 2F
0-1: Fielders Choice at 2nd, U6 (Groundball, 6M)
Top of the 6th over - 3 runs, 1 hit, 2 errors, 3 left on base; Lakewood 15 - Asheville 3
BOTTOM OF THE 6TH
Asheville Tourists batting - Pitching for Lakewood BlueClaws : RHP Mike Shields
Pitching: LHP Mike Arnold
Now in RF: Rogelio Madrid
Batting: RHB Dan Reinert 0-0: Foul Ball, location: 2F
0-1: Foul Ball, location: 2F
0-2: Foul Ball, location: 2F
0-2: Foul Ball, location: 2F
0-2: Ball
1-2: Strikes out swinging
Batting: RHB Maddox Brosseau 0-0: DOUBLE (Groundball, 3L)
Batting: LHB Chris Levine 0-0: Called Strike
0-1: Ground out 4-3 (Groundball, 34D)
Maddox Brosseau to third
Batting: RHB Chris Faude 0-0: Ball
1-0: Fly out, F8 (Line Drive, 8RM)
Bottom of the 6th over - 0 runs, 1 hit, 0 errors, 1 left on base; Lakewood 15 - Asheville 3
TOP OF THE 7TH
Lakewood BlueClaws batting - Pitching for Asheville Tourists : RHP Luis Salinas
Batting: LHB Rogelio Madrid 0-0: Ball
1-0: Foul Ball, location: 2F
1-1: Foul Ball, location: 2F
1-2: Ball
2-2: Ball
3-2: SINGLE (Line Drive, 34)
Pinch Hitting: RHB Dave Mancini 0-0: Grounds into double play, 6-4-3 (Groundball, 6)
Batting: RHB Arturo Ramos 0-0: Ground out 5-3 (Groundball, 56)
Top of the 7th over - 0 runs, 1 hit, 0 errors, 0 left on base; Lakewood 15 - Asheville 3
BOTTOM OF THE 7TH
Asheville Tourists batting - Pitching for Lakewood BlueClaws : LHP Mike Arnold
Now in CF: Dave Mancini
Batting: RHB Jerry Frint 0-0: Swinging Strike
0-1: Ball
1-1: Called Strike
1-2: Foul Ball, location: 2F
1-2: Ground out 5-3 (Groundball, 56)
Batting: LHB Ken Fraijo 0-0: Swinging Strike
0-1: Ground out 4-3 (Groundball, 4)
Batting: RHB Dan Tillman 0-0: Called Strike
0-1: Swinging Strike
0-2: Ball
1-2: Ball
2-2: Foul Ball, location: 2F
2-2: Ball
3-2: SINGLE (Groundball, 6MD)
Batting: RHB Luis Gosset 0-0: Foul Ball, location: 2F
0-1: Called Strike
0-2: Ball
1-2: Strikes out swinging
Bottom of the 7th over - 0 runs, 1 hit, 0 errors, 1 left on base; Lakewood 15 - Asheville 3
TOP OF THE 8TH
Lakewood BlueClaws batting - Pitching for Asheville Tourists : RHP Luis Salinas
Batting: LHB Juan Medina 0-0: Ball
1-0: Fly out, F9 (Flyball, 9LS)
Batting: RHB Jorge Leyva 0-0: Ball
1-0: Ball
2-0: Called Strike
2-1: Foul Ball, location: 2F
2-2: SINGLE (Flyball, 89S) - OUT at second base trying to stretch hit.
Batting: RHB Luis Calvo 0-0: Ball
1-0: Fly out, F9 (Flyball, 9D)
Top of the 8th over - 0 runs, 1 hit, 0 errors, 0 left on base; Lakewood 15 - Asheville 3
BOTTOM OF THE 8TH
Asheville Tourists batting - Pitching for Lakewood BlueClaws : LHP Mike Arnold
Batting: RHB Luis Salinas 0-0: Called Strike
0-1: Swinging Strike
0-2: Ball
1-2: Strikes out swinging
Batting: RHB Dan Reinert 0-0: Called Strike
0-1: Fly out, F9 (Flyball, 9LM)
Batting: RHB Maddox Brosseau 0-0: Called Strike
0-1: Ball
1-1: Called Strike
1-2: Ball
2-2: Ball
3-2: Foul Ball, location: 2F
3-2: Foul Ball, location: 2F
3-2: Base on Balls
Batting: LHB Chris Levine 0-0: Ball
1-0: Ball
2-0: Fly out, F8 (Flyball, 78S)
Bottom of the 8th over - 0 runs, 0 hits, 0 errors, 1 left on base; Lakewood 15 - Asheville 3
TOP OF THE 9TH
Lakewood BlueClaws batting - Pitching for Asheville Tourists : RHP Luis Salinas
Pinch Hitting: RHB Billy Boos 0-0: Ground out 6-3 (Groundball, 6)
Batting: RHB Eric Lanson 0-0: Foul Ball, location: 2F
0-1: Ball
1-1: Swinging Strike
1-2: Ground out 4-3 (Groundball, 4)
Batting: RHB Luis Acevedo 0-0: Called Strike
0-1: Swinging Strike
0-2: Foul Ball, location: 2F
0-2: Fly out, F5 (Line Drive, 5)
Top of the 9th over - 0 runs, 0 hits, 0 errors, 0 left on base; Lakewood 15 - Asheville 3
BOTTOM OF THE 9TH
Asheville Tourists batting - Pitching for Lakewood BlueClaws : LHP Mike Arnold
Pitching: RHP Jarod Hornby
Batting: RHB Chris Faude 0-0: Ball
1-0: Ball
2-0: Swinging Strike
2-1: Ball
3-1: Base on Balls
Batting: RHB Jerry Frint 0-0: Ball
1-0: Ball
2-0: Called Strike
2-1: Swinging Strike
2-2: Strikes out swinging
Batting: LHB Ken Fraijo 0-0: Called Strike
0-1: Ball
1-1: Foul Ball, location: 2F
1-2: Ball
2-2: Strikes out looking
Batting: RHB Dan Tillman 0-0: Ball
1-0: Ball
2-0: Ground out 5-3 (Groundball, 56S)
Bottom of the 9th over - 0 runs, 0 hits, 0 errors, 1 left on base; Lakewood 15 - Asheville 3
Tuesday, January 15th, 2019 - OOTP Baseball 19.12 Build 131